| TOP OF THE 1ST |
|
Hagerstown Suns batting - Pitching for Greensboro Grasshoppers : RHP Alfonso Mier
|
|
Pitching: RHP Alfonso Mier
|
|
|
Batting: SHB Dan Castaneda
|
0-0: Foul Ball, location: 2F 0-1: Ball 1-1: Called Strike 1-2: Fly out, F8 (Flyball, 8LXD, EV 106.9 MPH)
|
|
Batting: RHB John Savard
|
0-0: Ground out 5-3 (Groundball, 56S, EV 90.0 MPH)
|
|
Batting: LHB Kyung-jin Cho
|
0-0: Ball 1-0: Ball 2-0: Foul Ball, location: 2F 2-1: Foul Ball, location: 2F 2-2: Foul Ball, location: 2F 2-2: Ball 3-2: Base on Balls
|
|
Batting: RHB Nick Moreno
|
0-0: Called Strike 0-1: Ball 1-1: Called Strike Kyung-jin Cho steals 2nd base (no throw) 1-2: Strikes out swinging
|
| Top of the 1st over - 0 runs, 0 hits, 0 errors, 1 left on base; Hagerstown 0 - Greensboro 0 |
| BOTTOM OF THE 1ST |
|
Greensboro Grasshoppers batting - Pitching for Hagerstown Suns : RHP Bastien Perrini
|
|
Pitching: RHP Bastien Perrini
|
|
|
Batting: RHB Harrie de Kam
|
0-0: Ball 1-0: Ball 2-0: Ball 3-0: Base on Balls
|
|
Batting: RHB Andy Kelly
|
0-0: Called Strike 0-1: Ball 1-1: Ball Harrie de Kam steals 2nd base 2-1: Swinging Strike 2-2: Strikes out swinging
|
|
Batting: LHB Angelo Estrella
|
0-0: Fly out, F8 (Flyball, 8LD, EV 105.6 MPH)
|
|
Batting: RHB Miguel Velasco
|
0-0: Ball 1-0: Foul Ball, location: 2F 1-1: Swinging Strike 1-2: Strikes out looking
|
| Bottom of the 1st over - 0 runs, 0 hits, 0 errors, 1 left on base; Hagerstown 0 - Greensboro 0 |
| TOP OF THE 2ND |
|
Hagerstown Suns batting - Pitching for Greensboro Grasshoppers : RHP Alfonso Mier
|
|
Batting: LHB Evan Oliveri
|
0-0: Swinging Strike 0-1: Swinging Strike 0-2: Ball 1-2: Ball 2-2: Foul Ball, location: 2F 2-2: Foul Ball, location: 2F 2-2: Ball 3-2: Foul Ball, location: 2F 3-2: Foul Ball, location: 2F 3-2: Strikes out looking
|
|
Batting: RHB Steve Bauman
|
0-0: Ground out 5-3 (Groundball, 5, EV 84.4 MPH)
|
|
Batting: RHB Marcus Dawson
|
0-0: Ball 1-0: Fly out, F8 (Flyball, 8LD, EV 99.4 MPH)
|
| Top of the 2nd over - 0 runs, 0 hits, 0 errors, 0 left on base; Hagerstown 0 - Greensboro 0 |
| BOTTOM OF THE 2ND |
|
Greensboro Grasshoppers batting - Pitching for Hagerstown Suns : RHP Bastien Perrini
|
|
Batting: RHB Larry LeFever
|
0-0: Ball 1-0: Foul Ball, location: 2F 1-1: Ground out 1-3 (Groundball, 13S, EV 66.9 MPH)
|
|
Batting: LHB Ryan Thompson
|
0-0: Ball 1-0: Ball 2-0: Ball 3-0: Base on Balls
|
|
Batting: RHB Jason Thrash
|
0-0: Ball 1-0: SINGLE (Groundball, 4MD, EV 104.4 MPH) Ryan Thompson to second
|
|
Batting: RHB Wei-guo Tsu
|
0-0: Called Strike 0-1: SINGLE (Line Drive, 78S, EV 104.4 MPH) Ryan Thompson to third Jason Thrash to second
|
|
Batting: RHB Jeremy Dennis
|
0-0: Ball 1-0: Foul Ball, location: 2F 1-1: Foul Ball, location: 2F 1-2: Strikes out swinging
|
|
Batting: RHB Harrie de Kam
|
0-0: Swinging Strike 0-1: Ball 1-1: Ball 2-1: Fielders Choice at 2nd, 6-4 (Groundball, 6, EV 106.2 MPH)
|
| Bottom of the 2nd over - 0 runs, 2 hits, 0 errors, 3 left on base; Hagerstown 0 - Greensboro 0 |
| TOP OF THE 3RD |
|
Hagerstown Suns batting - Pitching for Greensboro Grasshoppers : RHP Alfonso Mier
|
|
Batting: LHB Adam Jacobs
|
0-0: Foul Ball, location: 2F 0-1: Ball 1-1: Foul Ball, location: 2F 1-2: Ball 2-2: Strikes out looking
|
|
Batting: RHB Scott Skoglund
|
0-0: Called Strike 0-1: Ball 1-1: Called Strike 1-2: Ball 2-2: Ball 3-2: Foul Ball, location: 2F 3-2: Strikes out swinging
|
|
Batting: SHB Dan Castaneda
|
0-0: Ball 1-0: Ball 2-0: Foul Ball, location: 2F 2-1: Foul Ball, location: 2F 2-2: Ball 3-2: Foul Ball, location: 2F 3-2: SINGLE (Groundball, 6MD, EV 97.5 MPH)
|
|
Batting: RHB John Savard
|
0-0: Called Strike Dan Castaneda steals 2nd, throwing error, E2 Dan Castaneda to third 0-1: Ball 1-1: Foul Ball, location: 2F 1-2: Foul Ball, location: 2F 1-2: Ground out 6-3 (Groundball, 4M, EV 108.1 MPH)
|
| Top of the 3rd over - 0 runs, 1 hit, 1 error, 1 left on base; Hagerstown 0 - Greensboro 0 |
| BOTTOM OF THE 3RD |
|
Greensboro Grasshoppers batting - Pitching for Hagerstown Suns : RHP Bastien Perrini
|
|
Batting: RHB Andy Kelly
|
0-0: Called Strike 0-1: Ball 1-1: Ball 2-1: Foul Ball, location: 2F 2-2: Foul Ball, location: 2F 2-2: Ball 3-2: SINGLE (Groundball, 6MD, EV 95.6 MPH)
|
|
Batting: LHB Angelo Estrella
|
0-0: Foul Ball, location: 2F 0-1: Called Strike 0-2: Strikes out looking
|
|
Batting: RHB Miguel Velasco
|
0-0: Ball Andy Kelly is caught stealing 2nd base 2-4 1-0: Called Strike 1-1: Reached on error, E6 (Groundball, 6, EV 101.2 MPH)
|
|
Batting: RHB Larry LeFever
|
0-0: Ball 1-0: Ball 2-0: Called Strike 2-1: Foul Ball, location: 2F 2-2: Ball 3-2: Base on Balls Miguel Velasco to second
|
|
Batting: LHB Ryan Thompson
|
0-0: Ball 1-0: Ground out 5-3 (Groundball, 56S, EV 75.0 MPH)
|
| Bottom of the 3rd over - 0 runs, 1 hit, 1 error, 2 left on base; Hagerstown 0 - Greensboro 0 |
| TOP OF THE 4TH |
|
Hagerstown Suns batting - Pitching for Greensboro Grasshoppers : RHP Alfonso Mier
|
|
Batting: LHB Kyung-jin Cho
|
0-0: Foul Ball, location: 2F 0-1: Ball 1-1: Ball 2-1: Ball 3-1: Fly out, F8 (Flyball, 8LD, EV 104.4 MPH)
|
|
Batting: RHB Nick Moreno
|
0-0: Ground out U3 (Groundball, 3S, EV 70.6 MPH)
|
|
Batting: LHB Evan Oliveri
|
0-0: Foul Ball, location: 2F 0-1: Ball 1-1: Foul Ball, location: 2F 1-2: Foul Ball, location: 2F 1-2: Strikes out swinging
|
| Top of the 4th over - 0 runs, 0 hits, 0 errors, 0 left on base; Hagerstown 0 - Greensboro 0 |
| BOTTOM OF THE 4TH |
|
Greensboro Grasshoppers batting - Pitching for Hagerstown Suns : RHP Bastien Perrini
|
|
Batting: RHB Jason Thrash
|
0-0: Ball 1-0: Ball 2-0: Ball 3-0: Base on Balls
|
|
Batting: RHB Wei-guo Tsu
|
0-0: Foul Ball, location: 2F 0-1: DOUBLE (Line Drive, 3D, EV 100.0 MPH) Jason Thrash to third
|
|
Batting: RHB Jeremy Dennis
|
0-0: Foul Ball, location: 2F 0-1: Ball 1-1: Ball 2-1: Foul Ball, location: 2F 2-2: Ball 3-2: Foul Ball, location: 2F 3-2: SINGLE (Groundball, 6D, EV 98.8 MPH) Jason Thrash scores Wei-guo Tsu to third
|
|
Batting: RHB Harrie de Kam
|
0-0: Ball 1-0: Ball Jeremy Dennis is caught stealing 2nd base 2-4 2-0: Foul Ball, location: 2F 2-1: Foul Ball, location: 2F 2-2: Fly out, F8 (Flyball, 78D, EV 100.6 MPH) Runner from 3rd tags up, SCORES, no throw by CF
|
|
Batting: RHB Andy Kelly
|
0-0: Ball 1-0: SINGLE (Groundball, 56S, EV 71.2 MPH) (infield hit)
|
|
Batting: LHB Angelo Estrella
|
0-0: Foul Ball, location: 2F 0-1: Ball 1-1: Foul Ball, location: 2F 1-2: Foul Ball, location: 2F 1-2: Ball 2-2: Strikes out swinging
|
| Bottom of the 4th over - 2 runs, 3 hits, 0 errors, 1 left on base; Hagerstown 0 - Greensboro 2 |
| TOP OF THE 5TH |
|
Hagerstown Suns batting - Pitching for Greensboro Grasshoppers : RHP Alfonso Mier
|
|
Batting: RHB Steve Bauman
|
0-0: DOUBLE (Flyball, 8LXD, EV 93.1 MPH)
|
|
Batting: RHB Marcus Dawson
|
0-0: Ball 1-0: Swinging Strike 1-1: Foul Ball, location: 2F 1-2: Ball 2-2: Ball 3-2: Foul Ball, location: 2F 3-2: Foul Ball, location: 2F 3-2: Foul Ball, location: 2F 3-2: Ground out 6-3 (Groundball, 56, EV 82.5 MPH)
|
|
Batting: LHB Adam Jacobs
|
0-0: Ball 1-0: Ball 2-0: Foul Ball, location: 2F 2-1: Ball 3-1: Ground out 4-3 (Groundball, 4, EV 101.9 MPH) Steve Bauman to third
|
|
Pitching: RHP Marco Quezada
|
|
|
Batting: RHB Scott Skoglund
|
0-0: Foul Ball, location: 2F 0-1: Ball 1-1: Ball 2-1: Called Strike 2-2: Ground out 6-3 (Groundball, 6M, EV 82.5 MPH)
|
| Top of the 5th over - 0 runs, 1 hit, 0 errors, 1 left on base; Hagerstown 0 - Greensboro 2 |
| BOTTOM OF THE 5TH |
|
Greensboro Grasshoppers batting - Pitching for Hagerstown Suns : RHP Bastien Perrini
|
|
Pitching: RHP Gary Simmons
|
|
|
Batting: RHB Miguel Velasco
|
0-0: Called Strike 0-1: Ball 1-1: Foul Ball, location: 2F 1-2: Ground out U3 (Groundball, 3, EV 87.5 MPH)
|
|
Batting: RHB Larry LeFever
|
0-0: Ball 1-0: Ground out U3 (Groundball, 23, EV 81.2 MPH)
|
|
Batting: LHB Ryan Thompson
|
0-0: SINGLE (Groundball, 34D, EV 105.0 MPH)
|
|
Batting: RHB Jason Thrash
|
0-0: Ball 1-0: Foul Ball, location: 2F 1-1: SINGLE (Line Drive, 9S, EV 104.4 MPH) Ryan Thompson to second
|
|
Batting: RHB Wei-guo Tsu
|
0-0: Ball 1-0: Fly out, F9 (Flyball, 9D, EV 106.2 MPH)
|
| Bottom of the 5th over - 0 runs, 2 hits, 0 errors, 2 left on base; Hagerstown 0 - Greensboro 2 |
| TOP OF THE 6TH |
|
Hagerstown Suns batting - Pitching for Greensboro Grasshoppers : RHP Marco Quezada
|
|
Batting: SHB Dan Castaneda
|
0-0: Foul Ball, location: 2F 0-1: Foul Ball, location: 2F 0-2: Hit by Pitch
|
|
Batting: RHB John Savard
|
0-0: Called Strike Dan Castaneda steals 2nd base 0-1: Ball 1-1: Ball 2-1: Fly out, F7 (Flyball, 7, EV 90.6 MPH)
|
|
Batting: LHB Kyung-jin Cho
|
0-0: Called Strike Dan Castaneda steals 3rd base 0-1: Foul Ball, location: 2F 0-2: Ball 1-2: Strikes out looking
|
|
Batting: RHB Nick Moreno
|
0-0: Called Strike 0-1: Called Strike 0-2: Ball 1-2: Strikes out swinging
|
| Top of the 6th over - 0 runs, 0 hits, 0 errors, 1 left on base; Hagerstown 0 - Greensboro 2 |
| BOTTOM OF THE 6TH |
|
Greensboro Grasshoppers batting - Pitching for Hagerstown Suns : RHP Gary Simmons
|
|
Batting: RHB Jeremy Dennis
|
0-0: Called Strike 0-1: Bunt for hit to P - play at first, batter safe!
|
|
Batting: RHB Harrie de Kam
|
0-0: Ball 1-0: Ball 2-0: Called Strike 2-1: Fly out, F6 (Popup, 4MS, EV 60.0 MPH)
|
|
Batting: RHB Andy Kelly
|
0-0: Ball 1-0: Grounds into double play, 5-4-3 (Groundball, 56S, EV 84.4 MPH)
|
| Bottom of the 6th over - 0 runs, 1 hit, 0 errors, 0 left on base; Hagerstown 0 - Greensboro 2 |
| TOP OF THE 7TH |
|
Hagerstown Suns batting - Pitching for Greensboro Grasshoppers : RHP Marco Quezada
|
|
Pitching: RHP Dan Durand
|
|
|
Batting: LHB Evan Oliveri
|
0-0: Ball 1-0: Ball 2-0: Called Strike 2-1: Foul Ball, location: 2F 2-2: Strikes out swinging
|
|
Batting: RHB Steve Bauman
|
0-0: Called Strike 0-1: SINGLE (Line Drive, 3D, EV 105.6 MPH)
|
|
Batting: RHB Marcus Dawson
|
0-0: Swinging Strike 0-1: Ball 1-1: Called Strike 1-2: Strikes out swinging
|
|
Batting: LHB Adam Jacobs
|
0-0: Called Strike 0-1: Ball 1-1: Swinging Strike 1-2: DOUBLE (Line Drive, 89D, EV 113.8 MPH) Steve Bauman to third Runner from 3rd tries for Home, SAFE, no throw by RF
|
|
Pinch Hitting: LHB Erik Beezley
|
0-0: Ball 1-0: Called Strike 1-1: Fly out, F7 (Flyball, 7LD, EV 76.9 MPH)
|
| Top of the 7th over - 1 run, 2 hits, 0 errors, 1 left on base; Hagerstown 1 - Greensboro 2 |
| BOTTOM OF THE 7TH |
|
Greensboro Grasshoppers batting - Pitching for Hagerstown Suns : RHP Gary Simmons
|
|
Pitching: RHP Steve Barnes
|
|
|
Now in LF: Kyung-jin Cho
|
|
|
Now in RF: Erik Beezley
|
|
|
Batting: LHB Angelo Estrella
|
0-0: Ball 1-0: Ball 2-0: Ball 3-0: Called Strike 3-1: Base on Balls
|
|
Batting: RHB Miguel Velasco
|
0-0: Called Strike 0-1: Fly out, F8 (Flyball, 89S, EV 76.9 MPH)
|
|
Batting: RHB Larry LeFever
|
0-0: Fly out, F6 (Popup, 15S, EV 81.2 MPH)
|
|
Batting: LHB Ryan Thompson
|
0-0: Called Strike 0-1: Ball 1-1: Ball 2-1: Foul Ball, location: 2F 2-2: Strikes out swinging
|
| Bottom of the 7th over - 0 runs, 0 hits, 0 errors, 1 left on base; Hagerstown 1 - Greensboro 2 |
| TOP OF THE 8TH |
|
Hagerstown Suns batting - Pitching for Greensboro Grasshoppers : RHP Dan Durand
|
|
Pitching: LHP Tyler Murders
|
|
|
Batting: SHB Dan Castaneda
|
0-0: Ball 1-0: Ball 2-0: Swinging Strike 2-1: Swinging Strike 2-2: Strikes out swinging
|
|
Batting: RHB John Savard
|
0-0: Ball 1-0: SINGLE (Groundball, 4S, EV 98.8 MPH)
|
|
Pinch Hitting: SHB Gabe Fraunfelder
|
0-0: Ball 1-0: Swinging Strike 1-1: Ball 2-1: Ball 3-1: Base on Balls John Savard to second
|
|
Batting: RHB Nick Moreno
|
0-0: Foul Ball, location: 2F 0-1: Ball 1-1: Ball 2-1: Ball 3-1: Foul Ball, location: 2F 3-2: Foul Ball, location: 2F 3-2: Fielders Choice at 2nd, 4-6 (Groundball, 4, EV 104.4 MPH) John Savard to third
|
|
Batting: LHB Evan Oliveri
|
0-0: Called Strike 0-1: Called Strike 0-2: 3-RUN HOME RUN (Flyball, 9LD, EV 96.9 MPH), Distance : 355 ft
|
|
Pitching: RHP Mike Yorke
|
|
|
Batting: RHB Steve Bauman
|
0-0: Ball 1-0: Ground out U3 (Groundball, 34, EV 83.8 MPH)
|
| Top of the 8th over - 3 runs, 2 hits, 0 errors, 0 left on base; Hagerstown 4 - Greensboro 2 |
| BOTTOM OF THE 8TH |
|
Greensboro Grasshoppers batting - Pitching for Hagerstown Suns : RHP Steve Barnes
|
|
Pitching: RHP Chris Doty
|
|
|
Now in LF: Gabe Fraunfelder
|
|
|
Batting: RHB Jason Thrash
|
0-0: Swinging Strike 0-1: Called Strike 0-2: Strikes out swinging
|
|
Batting: RHB Wei-guo Tsu
|
0-0: Ground out U3 (Groundball, 3, EV 97.5 MPH)
|
|
Batting: RHB Jeremy Dennis
|
0-0: Called Strike 0-1: Swinging Strike 0-2: Ball 1-2: Ball 2-2: Strikes out looking
|
| Bottom of the 8th over - 0 runs, 0 hits, 0 errors, 0 left on base; Hagerstown 4 - Greensboro 2 |
| TOP OF THE 9TH |
|
Hagerstown Suns batting - Pitching for Greensboro Grasshoppers : RHP Mike Yorke
|
|
Pitching: RHP Chris Forster
|
|
|
Batting: RHB Marcus Dawson
|
0-0: Ball 1-0: Foul Ball, location: 2F 1-1: Foul Ball, location: 2F 1-2: Foul Ball, location: 2F 1-2: Strikes out swinging
|
|
Batting: LHB Adam Jacobs
|
0-0: SINGLE (Groundball, 3D, EV 100.0 MPH)
|
|
Batting: LHB Erik Beezley
|
0-0: Called Strike 0-1: Ball 1-1: Ball 2-1: Fielders Choice at 2nd, 4-6 (Groundball, 4, EV 85.6 MPH)
|
|
Batting: SHB Dan Castaneda
|
0-0: Called Strike 0-1: Ball 1-1: Called Strike 1-2: DOUBLE (Line Drive, 9LS, EV 93.1 MPH) Erik Beezley to third Runner from 3rd tries for Home, SAFE, throw by RF to home
|
|
Batting: RHB John Savard
|
0-0: Ball 1-0: Called Strike 1-1: Swinging Strike 1-2: Ball 2-2: Fly out, F4 (Line Drive, 4MD, EV 61.9 MPH)
|
| Top of the 9th over - 1 run, 2 hits, 0 errors, 1 left on base; Hagerstown 5 - Greensboro 2 |
| BOTTOM OF THE 9TH |
|
Greensboro Grasshoppers batting - Pitching for Hagerstown Suns : RHP Chris Doty
|
|
Pitching: RHP Gareth Cutts
|
|
|
Batting: RHB Harrie de Kam
|
0-0: Called Strike 0-1: Fly out, F8 (Flyball, 78S, EV 79.4 MPH)
|
|
Batting: RHB Andy Kelly
|
0-0: Called Strike 0-1: Foul Ball, location: 2F 0-2: Foul Ball, location: 2F 0-2: Strikes out swinging
|
|
Batting: LHB Angelo Estrella
|
0-0: Ball 1-0: SINGLE (Groundball, 6MD, EV 106.9 MPH)
|
|
Batting: RHB Miguel Velasco
|
0-0: Called Strike 0-1: Ball 1-1: Ball 2-1: Foul Ball, location: 2F 2-2: Strikes out swinging
|
| Bottom of the 9th over - 0 runs, 1 hit, 0 errors, 1 left on base; Hagerstown 5 - Greensboro 2 |
|